 Dungeon Crawl Stone Soup version 0.26-a0-651-gb41185065b (webtiles) character file.

Game seed: 8789129249477920073

(classic levelgen) 290255 EnegeticOcto the Peltast (level 19, -14/186 HPs)
             Began as a Deep Dwarf Fighter on Oct 9, 2020.
             Was the Champion of Makhleb.
             Killed from afar by a quicksilver dragon (35 damage)
             ... with a bolt of dispelling energy
             ... on level 5 of the Realm of Zot.
             The game lasted 00:17:18 (15627 turns).

EnegeticOcto the Peltast (Deep Dwarf Fighter)      Turns: 15627, Time: 00:17:19

Health: -14/186    AC: 25    Str: 26    XL:     19   Next: 50%
Magic:  0/6        EV:  6    Int:  7    God:    Makhleb [******]
Gold:   907        SH:  0    Dex: 16    Spells: 18/18 levels left

rFire    + . .     SeeInvis .   F - +7 broad axe of Seseagekk {elec, Dex+3}
rCold    + + .     Faith    .   G - +2 tower shield {reflect}
rNeg     + + .     Spirit   .   P - +1 storm dragon scales
rPois    +         Reflect  +   i - +2 helmet
rElec    +         Harm     .   m - +2 ratskin cloak {*Rats rPois rN+ Str-1 Int-1 Dex+1}
rCorr    .         Rampage  .   b - +2 pair of gloves
MR       ++...                  H - +0 pair of boots of the Barber Surgeon {Slay+3 Stlth+}
Stlth    ..........             y - amulet "Harucvaa" {Acrobat rC+}
HPRegen  0.00/turn              x - ring of protection from cold
MPRegen  0.10/turn              h - ring of Riaroix {rF+ Str+2}

@: marked, held, non-regenerating, hasted and slowed
A: damage resistance, heal wounds, deformed body, deterioration 1, dopey 1,
negative energy resistance 1, sense surroundings 3, screaming 1, weak 1, no
regeneration
}: 3/15 runes: decaying, abyssal, gossamer
a: Heal Wounds, Minor Destruction, Lesser Servant of Makhleb, Major Destruction,
Greater Servant of Makhleb, Renounce Religion


You were on level 5 of the Realm of Zot.
You worshipped Makhleb.
Makhleb was exalted by your worship.
You visited 6 branches of the dungeon, and saw 37 of its levels.
You visited the Abyss 1 time.
You visited 1 bazaar.
You also visited: Bailey.

You collected 1787 gold pieces.
You spent 880 gold pieces at shops.

Inventory:

Hand Weapons
 a - a +4 broad axe of flaming
 n - a +1 hand axe of distortion
 F - the +7 broad axe of Seseagekk (weapon) {elec, Dex+3}
   (You bought it in a shop in a bazaar)

   Occasionally, upon striking a foe, it will discharge some electrical energy
   and cause terrible harm.
   It affects your dexterity (+3).
Missiles
 l - 2 throwing nets (quivered)
Armour
 b - a +2 pair of gloves (worn)
 i - a +2 helmet (worn)
 m - the +2 ratskin cloak (worn) {*Rats rPois rN+ Str-1 Int-1 Dex+1}
   (You found it on level 8 of the Dungeon)

   It affects your strength (-1).
   It affects your intelligence (-1).
   It affects your dexterity (+1).
   It protects you from poison.
   It protects you from negative energy.
 A - a +0 plate armour
 E - a +4 plate armour of magic resistance
 G - a +2 tower shield of reflection (worn)
 H - the +0 pair of boots of the Barber Surgeon (worn) {Slay+3 Stlth+}
   (You found it on level 14 of the Dungeon)

   It affects your accuracy and damage with ranged weapons and melee attacks
   (+3).
   It makes you more stealthy.
 P - +1 storm dragon scales (worn)
Jewellery
 h - the ring of Riaroix (right hand) {rF+ Str+2}
   (You found it in a bailey)

   [ring of protection from fire]

   It affects your strength (+2).
   It protects you from fire.
 s - an uncursed ring of resist corrosion
 x - a ring of protection from cold (left hand)
 y - the amulet "Harucvaa" (around neck) {Acrobat rC+}
   (You acquired it on level 11 of the Dungeon)

   [amulet of the acrobat]

   It helps you evade while moving and waiting.
   It protects you from cold.
 N - an uncursed ring of stealth {unknown}
 S - an uncursed ring of magical power {unknown}
Wands
 r - a wand of paralysis (14)
 t - a wand of iceblast (8) {@v2}
 C - a wand of enslavement (12)
 K - a wand of polymorph (22)
 M - a wand of acid (4) {@v1}
 O - a wand of disintegration (14)
Scrolls
 c - 2 scrolls of vulnerability
 f - 5 scrolls of identify {@r1}
 g - 11 scrolls of teleportation {@r3}
 j - 8 scrolls of remove curse {@r2}
 p - 2 scrolls of immolation {@r4}
 J - 3 scrolls of summoning
Potions
 d - 3 potions of might {@q3}
 e - 3 potions of haste {@q4}
 k - 2 potions of resistance {@q6}
 o - 2 potions of flight
 u - 2 potions of ambrosia
 v - 5 potions of curing {@q1}
 w - 2 potions of stabbing {@q5}
 z - 4 potions of cancellation
 Q - a potion of lignification {@q7}
 R - a potion of heal wounds {unknown}
Miscellaneous
 B - a box of beasts (3/3)
 D - a condenser vane (2/2)
 I - a phantom mirror


   Skills:
 * Level 15.1 Fighting
 - Level 18.0 Axes
 + Level 15.0 Armour
 + Level 6.3 Dodging
 * Level 20.0 Shields
 * Level 19.3 Invocations


You had 18 spell levels left.
You didn't know any spells.
Your spell library was empty.

Dungeon Overview and Level Annotations

Branches:
Dungeon (15/15)            Temple (0/1) D:7            Lair (4/6) D:8
  Swamp (4/4) Lair:4       Spider (4/4) Lair:4          Orc (0/2) D:12
 Vaults (0/5) D:14         Depths (5/5) D:15            Zot (5/5) Depths:5
 Bailey (visited)

Altars:
Ashenzari
Cheibriados
Fedhas
Gozag
Kikubaaqudgha
Makhleb
Okawaru
Qazlal
Sif Muna
Vehumet
Xom
Yredelemnul
The Shining One

Shops:
D:11 ?   Depths:3 *

Portals:
Hell: Depths:3
Ziggurat: Depths:1

Annotations:
D:3 2 runed translucent doors, harkrass's ghost, amateur MiFi
D:9 3 runed translucent doors, Sifodudo's ghost, novice DDFi
Swamp:4 exclusion: 2 oklob plants
Spider:3 3 runed translucent doors, Catiddof's ghost, adept TrMo
Abyss:1 Grinder; Joseph


Innate Abilities, Weirdness & Mutations

You are resistant to damage.
You can heal yourself by infusing magical energy.
You resist negative energy. (rN+)
You passively map a large area around you.
You do not regenerate.
Armour fits poorly on your strangely shaped body.
Your body sometimes deteriorates upon taking damage.
You are dopey. (Int -2)
You occasionally shout uncontrollably at your foes.
You are weak. (Str -2)


Message History

A Killer Klown comes into view. It is wielding a +12 vampiric club.
The Killer Klown shouts!
A moth of wrath comes into view.
The moth of wrath's fur bristles in rage as it notices you.
A storm dragon comes into view.
The storm dragon roars deafeningly!
A green draconian comes into view. It is wielding a -3 scimitar.
The green draconian roars!
A black draconian comes into view. It is wielding a +0 scimitar.
The black draconian roars!
You hear a roar! x2
An orb of fire comes into view. x2; An electric golem comes into view.
An orb of fire comes into view.
The Killer Klown does a somersault.
The white draconian disappears!
The red draconian knight throws a throwing net.
The throwing net hits you.
You become entangled in the net!
The black draconian moves out of view.
Found a throwing net, a murky brown potion, 6 stones and a potion of haste. 2 draconian knights come into view.
A red draconian knight is wielding a +1 vorpal war axe.
A white draconian knight is wielding a +2 great mace of draining.
Press: ? - help, Dir - move target cursor
As you read the scroll of blinking, it crumbles to dust.
A quicksilver dragon, a black draconian, a draconian knight and a draconian scorcher come into view.
The red draconian knight is wielding a +2 long sword of draining.
The quicksilver dragon roars deafeningly!
The black draconian roars!
The red draconian knight roars!
The black draconian scorcher roars!
You hear a deafening roar!
You hear a roar!
An orb of fire comes into view.
A death cob comes into view.
Press: ? - help, Dir - move target cursor
As you read the scroll of blinking, it crumbles to dust.
A storm dragon, 5 Orb Guardians and an orb of fire come into view.
The storm dragon roars deafeningly!
The death cob gives a chilling moan.
The orb of fire emits a lurid red light.
The fireball explodes!
The fireball engulfs you!!! You resist.
The black draconian breathes lightning at you.
The bolt of lightning hits you! You resist.
An Orb Guardian comes into view.
You hear a loud "Zot"!
You hear a roar!
An Orb Guardian comes into view.
The Orb Guardian closely misses you. The Orb Guardian drops a net on you.
A large net falls onto you!
You become entangled in the net!
A red draconian comes into view. It is wielding a +0 mace.
Found the Orb of Zot.
You see here a throwing net.
Okay, then.
You struggle against the net.
The death cob barely misses you.
An Orb Guardian comes into view.
The Orb Guardian pulls the alarm!
The alarm trap emits a blaring wail!
A sentinel's mark forms upon you. The Orb Guardian hits you!
The death cob hits you! The death cob drains your vigour!
You feel yourself slow down.
You hear a loud "Zot"!
The orb of fire glows deep purple.
Strange energies course through your body.
You feel weaker.
You hear a shout! x2; You hear a roar! x3; You hear a shout!
You hear a roar! x3
You hear a deafening roar!
You hear a roar! x4; You hear a shout!
You struggle against the net.
The death cob hits you!
You hear a loud "Zot"!
The orb of fire glows deep purple.
Strange energies course through your body.
You feel the urge to shout. The Orb Guardian hits you!
You feel you are being watched by something.
You feel your power leaking away.
The Orb Guardian hits you but does no damage.
The death cob closely misses you.
An Orb Guardian comes into view.
The Orb Guardian hits you!!
You struggle against the net.
The death cob hits you!!
* * * LOW HITPOINT WARNING * * *
A hell rat scurries out from under your cloak.
The death cob drains your vigour!
You feel as though you will be slow longer.
A death cob comes into view.
The Orb Guardian barely misses you.
The death cob hits you but does no damage.
You feel you are being watched by something.
You feel your power leaking away.
The quicksilver dragon bites you but does no damage.
The quicksilver dragon barely misses you.
A green draconian shifter comes into view.
It is wielding a +0 whip.
The orb of fire pulls the alarm!
The alarm trap emits a blaring wail!
The mark upon you grows brighter.
You hear a loud "Zot"! x2
The power of Zot is invoked against you!
The red draconian is recalled.
The Orb Guardian is recalled.
The Orb Guardian hits you!!
* * * LOW HITPOINT WARNING * * *
The Orb Guardian hits you!
* * * LOW HITPOINT WARNING * * *
The white draconian knight mumbles some strange words.
The white draconian knight seems to speed up.
You feel you are being watched by something.
The quicksilver dragon breathes dispelling energy at you.
The bolt of dispelling energy hits you!!!
Your magical effects are unravelling.
You die...

* *▓▓▓...,,,,,,,, ***
##▓^.....,,,,,,,, ,,**
##........,,,,,,,, ,,,* ****▓▓▓▓*
#.........,,,,,,,,
,,,***,,,....▓*▓...^.z.q.,,,,,,,,
,,,**,,,,.....▓▓d..*..........^..
,,,*,,,,^.X..XX▓D.r..............
,,,,,,,,,0^.d.XXXDz...........*..
,,,*,,,,,,.^^..▓@*dX.*p...p......
,,,**,,,,,..X,*▓...{.8.........!.
,,,***,,,,.,,**▓.........*8^...!.
,,,* ********* ▓......q.........^
,,** ▓▓...dqd.§......§. ***
▓▓▓..qq.......... *
▓▓▓▓.....d..... ▓▓▓▓▓▓▓▓▓▓▓▓


You could see 3 orbs of fire, a Killer Klown, an electric golem, 3 draconians, a
storm dragon, 2 draconians, a green draconian, 2 draconians, a green draconian
shifter, 2 death cobs, a quicksilver dragon (catching breath), 7 Orb Guardians,
a black draconian scorcher and a friendly hell rat.

Vanquished Creatures
  An ancient lich (Depths:3)
  2 juggernauts
  Frederick (Depths:5)
  A golden dragon (Depths:4)
  the Enchantress (Depths:5)
  2 bone dragons
  Rupert (D:13)
  6 tentacled monstrosities
  2 quicksilver dragons
  A tentacled starspawn (D:8)
  2 death cobs (Zot:3)
  4 storm dragons
  2 shadow dragons
  A tengu reaver (Depths:3)
  3 thorn hunters (Swamp:4)
  Kirke (D:12)
  A draconian monk (Zot:1)
  2 frost giants
  4 draconian knights
  2 ghost moths (Zot:3)
  An iron dragon (Depths:3)
  An emperor scorpion (Spider:4)
  A draconian shifter (Zot:3)
  3 draconian stormcallers
  A draconian scorcher (Depths:5)
  A caustic shrike zombie (D:15)
  An angel (Abyss:3)
  3 draconian annihilators
  8 stone giants
  An entropy weaver (Spider:3)
  2 ophanim (Abyss:3)
  4 very ugly things (Depths:3)
  4 spriggan defenders
  A caustic shrike skeleton (Depths:3)
  3 vampire knights
  Azrael (D:15)
  A black draconian (Zot:3)
  Nessos (D:13)
  A purple draconian (Zot:3)
  6 red draconians
  8 green draconians
  3 yellow draconians
  2 white draconians
  A crystal guardian (D:14)
  3 ettins
  2 fire dragons (Depths:3)
  Fannar (D:11)
  A yaktaur captain (Depths:5)
  2 great orbs of eyes (Depths:3)
  4 spriggan air magi
  12 hydras
  2 ice dragons
  A ghost crab (Swamp:4)
  2 shambling mangroves (Swamp:4)
  3 centaur warriors
  3 rakshasas
  A dancing weapon (Abyss:3)
  2 death knights
  An ogre mage (D:14)
  5 two-headed ogres
  An alligator (Swamp:4)
  9 spriggan berserkers
  A thrashing horror (Abyss:3)
  A hell knight (Depths:3)
  A vampire mage (D:15)
  Nergalle (Lair:3)
  A soul eater (Depths:3)
  6 skeletal warriors
  5 swamp dragons
  3 flayed ghosts (Swamp:4)
  2 cherubim (Abyss:3)
  5 spriggan druids (Swamp:4)
  A golden dragon skeleton (Depths:3)
  2 spectral hydras (Swamp:4)
  2 wizards
  A phantasmal warrior (Swamp:4)
  2 necromancers
  10 wolf spiders
  7 orb spiders
  A deep elf mage (D:14)
  An oklob plant (Swamp:4)
  A fire giant zombie (D:15)
  A draconian (Zot:3)
  10 ugly things
  15 moths of wrath
  4 cyclopes
  A salamander (Depths:3)
  4 elephants (Lair:4)
  2 manticores (D:14)
  A frost giant skeleton (Depths:3)
  A fire giant skeleton (Depths:3)
  A guardian serpent (shapeshifter) (Depths:3)
  Maggie (D:7)
  A smoke demon (Abyss:3)
  11 cane toads
  An orange demon (Abyss:3)
  A gargoyle (D:10)
  2 kobold demonologists
  3 komodo dragons
  2 demonic crawlers (Spider:3)
  4 yaktaurs (Depths:3)
  5 freezing wraiths
  2 tengu conjurers (D:12)
  A troll (shapeshifter) (D:15)
  19 jumping spiders
  A troll (D:13)
  2 hydra skeletons (Swamp:4)
  4 raiju (Abyss:3)
  3 polar bears
  20 hornets
  10 blink frogs
  12 slime creatures
  3 meliai (D:15)
  5 tyrant leeches
  3 bog bodies
  2 spriggan zombies
  7 hippogriffs
  An ice dragon zombie (D:15)
  A meliai zombie (D:12)
  A spriggan skeleton (Depths:3)
  A vampire (D:14)
  12 spriggans
  2 shadows
  8 wyverns
  A ynoxinul (Abyss:3)
  12 tarantellas
  6 wraiths
  Sigmund (D:2)
  39 redbacks
  27 yaks
  A hog (D:12)
  4 fire bats (Abyss:3)
  2 basilisks (Lair:4)
  2 small abominations (Abyss:3)
  3 fire elementals (D:15)
  9 vampire mosquitoes
  A neqoxec (Abyss:3)
  Menkaure (D:6)
  2 large abominations (Abyss:3)
  6 swamp worms
  A soldier ant (D:15)
  7 water moccasins
  2 acid dragons
  2 hell hounds (D:15)
  4 hydra simulacra (Swamp:4)
  2 porcupines
  5 ice beasts
  A black bear (shapeshifter) (Depths:3)
  2 hornet zombies (Swamp:3)
  8 orc warriors
  3 sky beasts
  5 swamp dragon zombies
  9 swamp drakes
  A black bear (D:9)
  9 centaurs
  5 ogres
  3 wolves (D:8)
  4 boggarts (Depths:1)
  A crocodile (Lair:4)
  5 big kobolds
  3 komodo dragon zombies (Swamp:3)
  12 bullfrogs
  A wyvern skeleton (D:14)
  2 scorpions
  7 killer bees
  7 wights
  11 electric eels
  2 howler monkeys
  2 centaur zombies
  5 orc priests
  5 hounds
  4 jellies
  Crazy Yiuf (D:7)
  2 bullfrog zombies
  A bullfrog skeleton (D:12)
  4 orc wizards
  5 centaur skeletons
  9 iguanas
  2 hell rats (D:8)
  5 worker ants
  A killer bee simulacrum (D:8)
  4 gnolls (D:5)
  4 adders
  A river rat (D:8)
  A shadow imp (D:8)
  5 white imps
  4 ufetubi
  An adder skeleton (D:5)
  5 leopard geckos
  17 orcs
  A bat (D:3)
  3 giant cockroaches
  A goblin (D:3)
  3 hobgoblins
  9 jackals
  8 kobolds
  A quokka (D:5)
  A ball python skeleton (D:4)
  A frilled lizard (D:5)
  A giant cockroach zombie (D:5)
  2 leopard gecko skeletons
  A leopard gecko zombie (D:5)
  2 quokka skeletons
  18 rats
  4 briar patches (Swamp:4)
784 creatures vanquished.

Vanquished Creatures (collateral kills)
  4 tentacled monstrosities (Zot:3)
  Frances (D:13)
  4 death cobs (Zot:3)
  2 ghost moths (Spider:4)
  An emperor scorpion (Spider:4)
  A draconian stormcaller (Zot:3)
  A black draconian (Zot:4)
  A purple draconian (Zot:4)
  A white draconian (Zot:3)
  A spark wasp (Spider:4)
  Snorg (D:12)
  A hydra (D:11)
  A centaur warrior (D:13)
  A sixfirhy (Abyss:3)
  A flayed ghost (Swamp:4)
  A phantasmal warrior (Swamp:4)
  2 orb spiders (Spider:4)
  A torpor snail (Spider:4)
  2 hornets
  A polar bear (D:8)
  A wraith (D:13)
  3 tarantellas (Spider:4)
  2 redbacks (Spider:4)
  A basilisk (D:13)
  An eye of draining (D:13)
  2 electric eels
39 creatures vanquished.

Vanquished Creatures (others)
  A white draconian (Zot:3)
  A rakshasa (Depths:3)
  A blink frog (Swamp:3)
  A bog body (Swamp:1)
  A water elemental (D:12)
  2 kobolds (D:9)
  2 briar patches (Swamp:4)
  17 fungi
  41 plants
  2 starspawn tentacles (D:8)
  4 toadstools (D:3)
  9 withered plants (D:15)
82 creatures vanquished.

Grand Total: 905 creatures vanquished

Notes
Turn   | Place    | Note
-------+----------+-------------------------------------------
     0 | D:1      | EnegeticOcto the Deep Dwarf Fighter began the quest for the
                  | Orb.
     0 | D:1      | Reached XP level 1. HP: 20/20 MP: 1/1
    72 | D:2      | Noticed Sigmund
    89 | D:2      | Killed Sigmund
    89 | D:2      | Reached skill level 4 in Shields
    89 | D:2      | Reached XP level 2. HP: 16/28 MP: 2/2
    89 | D:2      | Reached XP level 3. HP: 20/34 MP: 3/3
    89 | D:2      | Reached XP level 4. HP: 25/42 MP: 4/4
    89 | D:2      | Reached XP level 5. HP: 29/49 MP: 5/5
   194 | D:3      | Found a glowing golden altar of the Shining One.
   298 | D:3      | Found a large runed translucent door.
   298 | D:3      | Found a large runed translucent door.
   299 | D:3      | Noticed harkrass's ghost (amateur MiFi)
   826 | D:4      | Reached XP level 6. HP: 48/56 MP: 6/6
   844 | D:5      | Entered Level 5 of the Dungeon
   934 | D:5      | Reached skill level 5 in Axes
   951 | D:5      | Found an iron altar of Okawaru.
  1339 | D:5      | Found an ancient bone altar of Kikubaaqudgha.
  1367 | D:5      | Noticed a sky beast
  1385 | D:5      | Killed a sky beast
  1385 | D:5      | Reached XP level 7. HP: 48/64 MP: 7/7
  1526 | D:5      | Reached skill level 5 in Armour
  1654 | D:6      | Reached skill level 5 in Shields
  1756 | D:6      | Noticed Grinder
  1776 | D:6      | Banished Grinder
  1821 | D:6      | Found a burning altar of Makhleb.
  1821 | D:6      | Noticed a green death
  1827 | D:6      | Noticed Menkaure
  1832 | D:6      | Killed Menkaure
  1841 | D:6      | Noticed a neqoxec
  1841 | D:6      | Noticed a ynoxinul
  1843 | D:6      | Became a worshipper of Makhleb the Destroyer
  2025 | D:6      | Reached XP level 8. HP: 50/73 MP: 8/8
  2085 | D:7      | Noticed Joseph
  2095 | D:7      | Reached skill level 1 in Invocations
  2102 | D:7      | Banished Joseph
  2140 | D:7      | Reached skill level 5 in Fighting
  2140 | D:7      | Reached skill level 6 in Shields
  2165 | D:7      | Found a staircase to the Ecumenical Temple.
  2277 | D:7      | Found a transporter.
  2277 | D:7      | Noticed a komodo dragon
  2279 | D:7      | Found a transporter.
  2279 | D:7      | Found a snail-covered altar of Cheibriados.
  2280 | D:7      | Found a shimmering altar of Xom.
  2281 | D:7      | Found a radiant altar of Vehumet.
  2382 | D:7      | Noticed Maggie
  2396 | D:7      | Killed Maggie
  2396 | D:7      | Gained mutation: You passively map the area around you.
                  | [Deep Dwarf growth]
  2396 | D:7      | Reached XP level 9. HP: 40/81 MP: 9/9
  2587 | D:7      | Found a runed translucent door.
  2588 | D:7      | Noticed Crazy Yiuf
  2745 | D:7      | Killed Crazy Yiuf
  2899 | D:7      | Killed a komodo dragon
  2944 | D:8      | Reached skill level 5 in Invocations
  2944 | D:8      | Reached * piety under Makhleb
  2951 | D:8      | Reached skill level 7 in Shields
  3061 | D:8      | Found the +2 ratskin cloak {*Rats rPois rN+ Str-1 Int-1
                  | Dex+1}
  3261 | D:8      | Noticed a polar bear
  3264 | D:8      | Noticed a polar bear
  3271 | D:8      | Banished a polar bear
  3271 | D:8      | Reached XP level 10. HP: 69/91 MP: 10/10
  3313 | D:8      | Reached skill level 10 in Axes
  3419 | D:8      | Paralysed by a hornet for 3 turns
  3437 | D:8      | Reached ** piety under Makhleb
  3467 | D:8      | Noticed a death yak
  3478 | D:8      | Banished a death yak
  3478 | D:8      | Reached skill level 8 in Shields
  3715 | D:8      | Found a staircase to the Lair.
  3900 | D:9      | Reached XP level 11. HP: 100/100 MP: 11/11
  3977 | D:9      | Found a runed translucent gate.
  3977 | D:9      | Found a runed translucent gate.
  3977 | D:9      | Found a runed translucent gate.
  4005 | D:9      | Found a flagged portal.
  4013 | Bailey   | Entered a bailey
  4013 | Bailey   | Noticed an orc knight
  4013 | Bailey   | Noticed an orc knight
  4014 | Bailey   | Noticed an orc knight
  4063 | Bailey   | Got a pitted wooden ring
  4072 | Bailey   | Identified the ring of Riaroix {rF+ Str+2} (You found it in
                  | a bailey)
  4390 | D:9      | Noticed Sifodudo's ghost (novice DDFi)
  4611 | D:9      | Reached *** piety under Makhleb
  4971 | D:10     | Entered Level 10 of the Dungeon
  5060 | D:10     | Noticed a two-headed ogre
  5070 | D:10     | Banished a two-headed ogre
  5070 | D:10     | Reached skill level 9 in Shields
  5806 | D:11     | Noticed Fannar
  5821 | D:11     | Killed Fannar
  5839 | D:11     | Found Pauceog's Magic Scroll Shop.
  5854 | D:11     | Bought a scroll of blinking for 105 gold pieces
  5870 | D:11     | Noticed a four-headed hydra
  5899 | D:11     | Killed a 16-headed hydra
  6143 | D:11     | Reached **** piety under Makhleb
  6246 | D:11     | Identified a scroll of acquirement
  6246 | D:11     | Acquired the amulet "Harucvaa" {Acrobat rC+}
  6303 | D:11     | Bought a scroll of teleportation for 42 gold pieces
  6303 | D:11     | Bought a scroll of enchant weapon for 105 gold pieces
  6303 | D:11     | Bought a scroll of teleportation for 42 gold pieces
  6328 | D:12     | Noticed Snorg
  6343 | D:12     | Killed Snorg
  6343 | D:12     | Reached XP level 12. HP: 33/110 MP: 7/9
  6366 | D:12     | Noticed a centaur warrior
  6376 | D:12     | Killed a centaur warrior
  6422 | D:12     | Noticed a two-headed ogre
  6423 | D:12     | Noticed a two-headed ogre
  6432 | D:12     | Killed a two-headed ogre
  6435 | D:12     | Killed a two-headed ogre
  6567 | D:12     | Reached skill level 10 in Armour
  6585 | D:13     | Noticed a centaur warrior
  6586 | D:13     | Noticed Nessos
  6609 | D:13     | Killed a centaur warrior
  6609 | D:13     | Reached skill level 10 in Shields
  6634 | D:13     | Killed Nessos
  6634 | D:13     | Reached skill level 10 in Invocations
  6756 | D:13     | Noticed a six-headed hydra
  6765 | D:13     | Killed a one-headed hydra
  6842 | D:13     | Noticed Frances
  6844 | D:13     | Noticed a two-headed ogre
  6866 | D:13     | Killed a two-headed ogre
  6880 | D:13     | Gained mutation: Your body sometimes deteriorates upon
                  | taking damage. [a neqoxec]
  6890 | D:13     | Gained mutation: Armour fits poorly on your strangely
                  | shaped body. [a neqoxec]
  6910 | D:13     | Killed Frances
  7123 | D:13     | Noticed a death knight
  7139 | D:13     | Killed a death knight
  7173 | D:13     | Noticed a two-headed ogre
  7183 | D:13     | Killed a two-headed ogre
  7190 | D:13     | Reached XP level 13. HP: 88/120 MP: 8/8
  7353 | D:13     | Noticed Rupert
  7376 | D:13     | Killed Rupert
  7644 | D:14     | Reached skill level 11 in Shields
  7664 | D:14     | Found a flickering gateway to a bazaar.
  7740 | D:14     | Noticed a crystal guardian
  7743 | D:14     | Reached ***** piety under Makhleb
  7766 | D:14     | Killed a crystal guardian
  7799 | Bazaar   | Entered a bazaar
  7812 | Bazaar   | Found Woiviuh's General Store.
  7812 | Bazaar   | Found Amustreb's Armour Shoppe.
  7848 | Bazaar   | Found Inefin's Antique Weapon Emporium.
  7848 | Bazaar   | Found Leesoun's Book Emporium.
  7854 | Bazaar   | Bought a jewelled broad axe for 171 gold pieces
  7887 | Bazaar   | Bought a +1 tower shield of reflection for 162 gold pieces
  7897 | Bazaar   | Identified the +7 broad axe of Seseagekk {elec, Dex+3} (You
                  | bought it in a shop in a bazaar)
  7923 | D:14     | Found a gate to the Vaults.
  8404 | D:14     | Got a pair of brightly glowing boots
  8414 | D:14     | Identified the +0 pair of boots of the Barber Surgeon
                  | {Slay+3 Stlth+} (You found it on level 14 of the Dungeon)
  8421 | D:15     | Entered Level 15 of the Dungeon
  8421 | D:15     | Found a blossoming altar of Fedhas.
  8465 | D:15     | Reached skill level 15 in Axes
  8560 | D:15     | Noticed Azrael
  8563 | D:15     | Found a blossoming altar of Fedhas.
  8570 | D:15     | Killed Azrael
  8762 | D:15     | Gained mutation: You resist negative energy. (rN+) [Deep
                  | Dwarf growth]
  8762 | D:15     | Reached XP level 14. HP: 130/130 MP: 8/10
  8805 | D:15     | Reached skill level 12 in Shields
  8811 | D:15     | Found a staircase to the Depths.
  8838 | D:15     | Reached skill level 10 in Fighting
  9073 | Lair:1   | Entered Level 1 of the Lair of Beasts
 10028 | Lair:3   | Noticed Nergalle
 10035 | Lair:3   | Killed Nergalle
 10660 | Lair:4   | Reached ****** piety under Makhleb
 10694 | Lair:4   | Found a hole to the Spider Nest.
 11087 | Lair:4   | Found a staircase to the Swamp.
 11194 | Lair:4   | Acquired a manual of Shields
 11216 | Swamp:1  | Entered Level 1 of the Swamp
 11317 | Swamp:1  | Reached skill level 13 in Shields
 11501 | Swamp:4  | Entered Level 4 of the Swamp
 11597 | Swamp:4  | Reached XP level 15. HP: 124/140 MP: 7/7
 11603 | Swamp:4  | Noticed a thorn hunter
 11617 | Swamp:4  | Killed a thorn hunter
 11701 | Swamp:4  | Reached skill level 14 in Shields
 11752 | Swamp:4  | Noticed a thorn hunter
 11756 | Swamp:4  | Noticed a thorn hunter
 11777 | Swamp:4  | Killed a thorn hunter
 11777 | Swamp:4  | Killed a thorn hunter
 11793 | Swamp:4  | Reached skill level 15 in Shields
 11812 | Swamp:4  | Found a blossoming altar of Fedhas.
 11822 | Swamp:4  | Found a basalt altar of Yredelemnul.
 11872 | Swamp:4  | Got a decaying rune of Zot
 12071 | Spider:1 | Entered Level 1 of the Spider Nest
 12191 | Spider:3 | Found a runed translucent gate.
 12191 | Spider:3 | Found a runed translucent gate.
 12193 | Spider:3 | Found a runed translucent gate.
 12195 | Spider:3 | Noticed Catiddof's ghost (adept TrMo)
 12666 | Spider:4 | Entered Level 4 of the Spider Nest
 12705 | Spider:4 | Reached XP level 16. HP: 152/152 MP: 5/5
 12900 | Spider:4 | Reached skill level 16 in Shields
 12903 | Spider:4 | Reached skill level 15 in Invocations
 12944 | Spider:4 | Got a gossamer rune of Zot
 13190 | D:8      | Cast into level 3 of the Abyss (unwielding a weapon of
                  | distortion)
 13195 | Abyss:3  | Found a corrupted altar of Lugonu.
 13198 | Abyss:3  | Gained mutation: You are dopey. (Int -2) [mutagenic glow]
 13435 | Abyss:3  | Found a glowing golden altar of the Shining One.
 13466 | Abyss:3  | Noticed a juggernaut
 13480 | Abyss:3  | Killed a juggernaut
 13482 | Abyss:3  | Noticed a tentacled starspawn
 13485 | Abyss:3  | Got an abyssal rune of Zot
 13490 | D:8      | Escaped the Abyss
 13495 | D:8      | Killed a tentacled starspawn
 13734 | D:12     | Noticed Kirke
 13745 | D:12     | Killed Kirke
 13787 | D:12     | Found a shimmering altar of Xom.
 13789 | D:12     | Found an opulent altar of Gozag.
 13789 | D:12     | Found a hazy altar of Hepliaklqana.
 13791 | D:12     | Found a stormy altar of Qazlal.
 13791 | D:12     | Found a shimmering blue altar of Sif Muna.
 13791 | D:12     | Found a broken altar of Ashenzari.
 13844 | D:12     | Found a staircase to the Orcish Mines.
 13990 | D:15     | Reached skill level 17 in Shields
 14028 | Depths:1 | Entered Level 1 of the Depths
 14041 | Depths:1 | Found a gateway to a ziggurat.
 14136 | Depths:3 | Noticed a tengu reaver
 14137 | Depths:3 | Found a gateway to Hell.
 14152 | Depths:3 | Killed a tengu reaver
 14248 | Depths:3 | Reached XP level 17. HP: 91/162 MP: 5/7
 14282 | Depths:3 | Found Wyxax's General Store.
 14290 | Depths:3 | Bought a scroll of enchant armour for 165 gold pieces
 14291 | Depths:3 | Bought a potion of might for 88 gold pieces
 14360 | Depths:3 | Noticed an ancient lich
 14373 | Depths:3 | Killed an ancient lich
 14442 | Depths:3 | Identified Heida's Handbook of Necromancy
 14535 | Depths:3 | Reached skill level 18 in Shields
 14636 | Depths:4 | Noticed a golden dragon
 14651 | Depths:4 | Killed a golden dragon
 14651 | Depths:4 | Reached skill level 1 in Dodging
 14667 | Depths:5 | Entered Level 5 of the Depths
 14689 | Depths:5 | Noticed Frederick
 14691 | Depths:5 | Noticed the Enchantress
 14697 | Depths:5 | Killed Frederick
 14698 | Depths:5 | Killed the Enchantress
 14698 | Depths:5 | Gained mutation: You passively map a large area around you.
                  | [Deep Dwarf growth]
 14698 | Depths:5 | Reached XP level 18. HP: 174/174 MP: 5/5
 14759 | Depths:5 | Found a gate to the Realm of Zot.
 14759 | Depths:5 | Noticed a bone dragon
 14763 | Depths:5 | Reached skill level 19 in Shields
 14786 | Depths:5 | Killed a bone dragon
 14838 | Zot:1    | Entered Level 1 of the Realm of Zot
 14842 | Zot:1    | Noticed a tentacled monstrosity
 14847 | Zot:1    | Noticed a tentacled monstrosity
 14864 | Zot:1    | Killed a tentacled monstrosity
 14865 | Zot:1    | Killed a tentacled monstrosity
 14873 | Zot:1    | Noticed a tentacled monstrosity
 14889 | Zot:1    | Killed a tentacled monstrosity
 14974 | Zot:3    | Noticed a tentacled monstrosity
 14974 | Zot:3    | Noticed a juggernaut
 14974 | Zot:3    | Noticed a tentacled monstrosity
 14978 | Zot:3    | Killed a tentacled monstrosity
 14980 | Zot:3    | Killed a tentacled monstrosity
 14985 | Zot:3    | Killed a juggernaut
 15053 | Zot:3    | Reached skill level 5 in Dodging
 15217 | Zot:3    | Reached XP level 19. HP: 135/183 MP: 0/7
 15248 | Zot:3    | Noticed a bone dragon
 15277 | Zot:3    | Killed a bone dragon
 15495 | Zot:3    | Reached skill level 15 in Fighting
 15543 | Zot:4    | Reached skill level 20 in Shields
 15549 | Zot:4    | Reached skill level 15 in Armour
 15607 | Zot:5    | Entered Level 5 of the Realm of Zot
 15621 | Zot:5    | Noticed a Killer Klown
 15621 | Zot:5    | Noticed an orb of fire
 15621 | Zot:5    | Noticed an orb of fire
 15621 | Zot:5    | Noticed an electric golem
 15621 | Zot:5    | Noticed an orb of fire
 15622 | Zot:5    | Noticed an orb of fire
 15623 | Zot:5    | Noticed an orb of fire
 15625 | Zot:5    | Gained mutation: You are weak. (Str -2) [an orb of fire]
 15626 | Zot:5    | Gained mutation: You occasionally shout uncontrollably at
                  | your foes. [an orb of fire]
 15627 | Zot:5    | Killed from afar by a quicksilver dragon

Illustrated notes

Levels and vault maps discovered:
D:1:      dpeg_arrival_rooms_with_view, layout_basic
D:2:      layout_loops_ring, led_sif_pool, uniq_sigmund
D:3:      cheibrodos_fertilizer, layout_basic, lemuel_crystal_altar,
          ebering_ghost_disaster_area
D:4:      layout_rooms
D:5:      layout_cave_pods, okawaru_trees_2, kiku_gazebo_pond_becter
D:6:      layout_cave_pools, makhleb_altar_promises_db, uniq_grinder,
          uniq_menkaure
D:7:      layout_loops_ring, gammafunk_temple_overflow_arena,
          minmay_temple_entry_ruins, uniq_maggie, uniq_crazy_yiuf_cottage,
          uniq_joseph
D:8:      wander_guarded_unrand_ratskin, layout_basic, erik_lair_dragon,
          serial_ice, serial_ice_a, serial_ice_o, serial_ice_j, serial_ice_h,
          serial_ice_e, serial_ice_g
D:9:      layout_basic, enter_bailey_6, gammafunk_ghost_icy, serial_bayou,
          serial_bayou_pond_b, serial_bayou_ford_a, serial_bayou_lagoon_a,
          serial_bayou_shore_b, minmay_bent
D:10:     layout_gridville, serial_park_tiny_pond
D:11:     layout_roguey, serial_shops, shop, uniq_fannar
D:12:     layout_basic, orc_0_dummy, doesnt_xom_only_xom, uniq_snorg, uniq_kirke
D:13:     layout_loops_ring, uniq_rupert, uniq_nessos, uniq_frances
D:14:     minmay_bad_star, layout_cave_pools, serial_shops, bzr_entry_customers,
          hangedman_abyss_or_decor_jellyfish_corner, kennysheep_nub
D:15:     gammafunk_depths_entry_grave, layout_grid_maze, lemuel_crystal_altar,
          basic_altar, uniq_azrael
Lair:1:   lemuel_ratsnest, layout_regular_city, grunt_megastairs_4
Lair:2:   statuecave_lemuel, layout_long_grid
Lair:3:   layout_roguey, grunt_megastairs_3, uniq_nergalle
Lair:4:   layout_misc_corridors, minmay_swamp_entry_eels,
          nicolae_spider_entry_tight_spaces
Swamp:1:  layout_basic_swamp, nicolae_swamp_fairy_circle, uniq_jorgrun
Swamp:2:  layout_basic_swamp, evilmike_swamp_ruin_house_6
Swamp:3:  layout_basic_swamp, evilmike_swamp_ruin_house_3,
          nicolae_swamp_necromancer_hut
Swamp:4:  byrel_swamp_growth_death_and_undeath, layout_basic_swamp, swamp_pool1
Spider:1: spiders_nest_a
Spider:2: layout_spider_delve, uniq_arachne, uniq_roxanne, uniq_donald
Spider:3: layout_chambers, gammafunk_ghost_tricky_traps,
          nicolae_spider_cling_ruins
Spider:4: spider_rune_water, drop_trap
Depths:1: layout_basic, enter_ziggurat_a, rand_demon_pan_entry_9, serial_sigils,
          serial_sigils_hangedman_gnaw, serial_sigils_hangedman_scar,
          serial_sigils_hangedman_stare, serial_sigils_hangedman_clutch,
          serial_sigils_hangedman_carve, serial_sigils_hangedman_shear,
          ashenzari_altar_1, serial_shops, shop, lightli_too_deep,
          minmay_misc_feat_rugged
Depths:2: minmay_the_grid_square_5x5_3x3
          [minmay_the_grid_square_5x5_two_walls_a,
          minmay_the_grid_square_5x5_beaten_path,
          minmay_the_grid_square_5x5_percent, minmay_the_grid_square_5x5_inset,
          minmay_the_grid_square_5x5_megaprize_open,
          minmay_the_grid_square_5x5_v,
          minmay_the_grid_square_5x5_checkered_sparse,
          minmay_the_grid_square_5x5_trominoes,
          minmay_the_grid_square_5x5_pentomino_r], layout_cave_pools,
          ebering_ghost_xom, chequers_jeans, pf_hell_entry_tar_spiral,
          drop_trap, uniq_bai_suzhen
Depths:3: minmay_diamond_stairs, layout_cave_pools, special_room
          [special_room_morgue], pan_entry, serial_shops, shop, shop,
          hell_entry, minmay_misc_feat_doors,
          minmay_staircase_statues_hall_small, serial_bayou_shore_b
Depths:4: minmay_guarded_unrand_guard, layout_cave_pools, abyss_entry,
          hell_entry, chequers_serial_rivers_micro_d, grunt_megastairs_2,
          infiniplex_staircase_pillars_1, uniq_boris
Depths:5: grunt_zot_entry_tricorne, layout_gridlike, special_room
          [special_room_jelly], grunt_hell_entry_dis_grunt,
          serial_co_window_serial, co_window_paths_a, co_window_paths_a,
          co_window_paths_a, co_window_corner_a, co_window_paths_b,
          co_window_paths_a, co_window_corner_cb, co_window_corner_b,
          co_window_of_opportunity_b, glass_columns_b, glass_columns_c,
          glass_columns_a, glass_columns_a, chequers_serial_rivers_small_3,
          uniq_enchantress, uniq_sojobo, uniq_frederick
Zot:1:    layout_gridville
Zot:2:    circus_mu, layout_basic
Zot:3:    ebering_greatest_show_in_zot, layout_gridville
Zot:4:    layout_cathedral_of_symmetry
Zot:5:    layout_gridlike, st_stairs_8

Skill      XL: |  1  2  3  4  5  6  7  8  9 10 11 12 13 14 15 16 17 18 19 |
---------------+----------------------------------------------------------+-----
Fighting       | 3 4 5 6 7 8 9 10 11 12 13 14 15 | 15.1
Axes           | 4 5 6 8 9 11 12 14 15 16 17 18 | 18.0
Armour         | 4 5 6 7 8 9 10 11 12 13 14 15 | 15.0
Shields        | 4 5 6 7 8 9 10 11 13 15 17 18 19 20 | 20.0
Invocations    | 3 5 7 9 10 12 13 14 16 17 18 19 | 19.3
Dodging        | 2 5 6 |  6.3

Action                   |  1- 3 |  4- 6 |  7- 9 | 10-12 | 13-15 | 16-18 | 19-21 || total
-------------------------+-------+-------+-------+-------+-------+-------+-------++-------
Melee: War axe           |    25 |    67 |       |       |       |       |       ||    92
       Hand axe          |       |    37 |   163 |   468 |       |       |       ||   668
       Broad axe         |       |       |       |   195 |   866 |   798 |   154 ||  2013
Invok: Lesser Servant of |       |       |       |     4 |       |     3 |       ||     7
       Greater Servant o |       |       |       |       |     1 |     4 |     2 ||     7
 Abil: Heal Wounds       |       |     2 |    13 |    46 |    31 |    14 |     1 ||   107
Evoke: Phantom mirror    |       |       |       |       |       |     1 |       ||     1
  Use: Scroll            |       |       |       |    23 |    13 |     2 |     6 ||    44
       Potion            |       |       |       |     3 |     3 |     3 |     1 ||    10
 Stab: Distracted        |       |       |       |       |     2 |     3 |     3 ||     8
       Confused          |       |       |       |       |     2 |       |       ||     2
       Invisible         |       |       |       |       |       |    16 |       ||    16
Armor: Scale mail        |     9 |    36 |    16 |       |       |       |       ||    61
       Plate armour      |       |       |    36 |   440 |   536 |   266 |       ||  1278
       Storm dragon scal |       |       |       |       |       |   166 |    73 ||   239
Dodge: Dodged            |     9 |    33 |    32 |   169 |   188 |   145 |    35 ||   611
Block: Kite shield       |    10 |    49 |    87 |   451 |    67 |       |       ||   664
       Tower shield      |       |       |       |       |   942 |   959 |   198 ||  2099
       Reflection        |       |       |       |       |    21 |    29 |     2 ||    52

Table legend: (Time is in decaauts)
 A = Elapsed time spent in this place.
 B = Non-inter-level travel time spent in this place.
 C = Inter-level travel time spent in this place.
 D = Time resting spent in this place.
 E = Time spent auto-exploring this place.
 F = Levels seen in this place.
 G = Mean time per level.
                   A        B        C        D        E       F      G
               +--------+--------+--------+--------+--------+-----+--------+
         Total |  15379 |  13659 |   1720 |    249 |   8728 |  40 |  384.5 |
       Dungeon |   9235 |   8131 |   1104 |    131 |   5793 |  15 |  615.7 |
          Lair |   2264 |   2067 |    197 |      0 |   1782 |   4 |  566.0 |
         Swamp |    821 |    651 |    170 |      0 |     44 |   4 |  205.2 |
   Spider Nest |    979 |    775 |    204 |      0 |    390 |   4 |  244.8 |
        Depths |    720 |    701 |     19 |      0 |    258 |   5 |  144.0 |
           Zot |    744 |    722 |     22 |     18 |    263 |   5 |  148.8 |
         Abyss |    277 |    277 |      0 |      0 |    130 |   1 |  277.0 |
        Bazaar |    111 |    111 |      0 |      0 |     66 |   1 |  111.0 |
        Bailey |    224 |    224 |      0 |    100 |      0 |   1 |  224.0 |
               +--------+--------+--------+--------+--------+-----+--------+

Top non-repeatable levels by time:
    D:13: 1033 daAuts
     D:8: 1026 daAuts
     D:9: 928 daAuts
  Lair:2: 886 daAuts
     D:7: 852 daAuts
     D:5: 795 daAuts
    D:14: 778 daAuts
    D:10: 734 daAuts
  Lair:3: 709 daAuts
    D:11: 676 daAuts
  Lair:4: 626 daAuts
    D:12: 559 daAuts
   Zot:3: 544 daAuts
    D:15: 523 daAuts
Spider:3: 496 daAuts
